 Dungeon Crawl Stone Soup version 0.29-a0-321-gf1c400731a (webtiles) character file.

Game seed: 15806060855815267567

331 YayAnonymity the Shield-Bearer (level 6, -2/47 HPs)
             Began as a Formicid Fighter on Apr 3, 2022.
             Slain by a gnoll
             ... wielding a +0 club
              (4 damage)
             ... on level 4 of the Dungeon.
             The game lasted 00:05:05 (2703 turns).

YayAnonymity the Shield-Bearer (Formicid Fighter)   Turns: 2703, Time: 00:05:05

Health: -2/47      AC:  9    Str: 23    XL:     6   Next: 82%
Magic:  6/6        EV:  7    Int:  7    God:
Gold:   121        SH:  5    Dex: 10    Spells: 5/5 levels left

rFire   . . .      SeeInvis +   a - +0 war axe
rCold   . . .      Faith    .   c - +0 buckler
rNeg    . . .      Spirit   .   g - +0 chain mail
rPois   .          Reflect  .   (helmet unavailable)
rElec   .          Harm     .   (no cloak)
rCorr   .          Rampage  .   (no gloves)
Will    .....                   (no boots)
Stlth   ..........              (no amulet)
HPRegen 0.15/turn               (no ring)
MPRegen 0.10/turn               (no ring)

@: no status effects
A: permanent stasis, dig shafts and tunnels, antennae 3, four strong arms
a: Dig, Shaft Self


You were on level 4 of the Dungeon.
You visited 1 branch of the dungeon, and saw 4 of its levels.

You collected 121 gold pieces.

Inventory:

Hand Weapons
 a - a +0 war axe (weapon)
Missiles
 d - 3 poisoned darts
 e - 167 stones
Armour
 c - a +0 buckler (worn)
 g - a +0 chain mail (worn)
Scrolls
 h - 2 scrolls of vulnerability {unknown}
 k - 2 scrolls of enchant armour {unknown}
 m - 2 scrolls of immolation {unknown}
 o - a scroll of noise {unknown}
 r - a scroll of holy word {unknown}
 t - a scroll of enchant weapon {unknown}
 u - 2 scrolls of fog {unknown}
 v - 3 scrolls of teleportation {unknown}
 y - a scroll of silence {unknown}
Potions
 b - a potion of invisibility {unknown}
 f - a potion of heal wounds
 i - a potion of brilliance
 j - 2 potions of resistance
 l - a potion of lignification
 n - 2 potions of flight {unknown}
 p - 2 potions of haste {unknown}
 q - a potion of attraction {unknown}
 s - 2 potions of curing {unknown}
 w - a potion of berserk rage {unknown}
 x - 2 potions of degeneration {unknown}


   Skills:
 - Level 3.2 Fighting
 * Level 4.9 Axes
 + Level 4.8 Armour
 + Level 5.2 Shields


You had 5 spell levels left.
You didn't know any spells.
Your spell library contained the following spells:

 Spells                   Type           Power      Damage    Failure   Level
 Freeze                   Ice            0%         1d3       99%         1
 Summon Small Mammal      Summ           0%         N/A       99%         1
 Call Canine Familiar     Summ           0%         N/A       100%        3
 Frozen Ramparts          Ice            0%         1d2       100%        3
 Gell's Gravitas          Tloc           0%         N/A       100%        3
 Lesser Beckoning         Tloc           0%         N/A       100%        3
 Summon Guardian Golem    Hex/Summ       0%         N/A       100%        3
 Teleport Other           Tloc           0%         N/A       100%        3
 Hailstorm                Conj/Ice       0%         3d3       100%        4


Dungeon Overview and Level Annotations

Branches:
Dungeon (4/15)
 Temple: D:4-7

Altars:
Gozag
Hepliaklqana
Ru

Shops:
D:2 *


Innate Abilities, Weirdness & Mutations

You cannot be hasted, slowed, berserked, paralysed or teleported.
You can dig through walls and to a lower floor.
You have a pair of large antennae on your head. (SInv)
Your four strong arms can wield two-handed weapons with a shield.


Message History

The gnoll is heavily wounded.
The gnoll hits you with a +0 whip.
You barely miss the gnoll.
The gnoll is heavily wounded.
The gnoll hits you but does no damage. The gnoll misses you.
You hit the gnoll.
The gnoll is severely wounded.
The gnoll barely misses you.
You barely miss the gnoll.
The gnoll is severely wounded.
The gnoll hits you with a +0 whip.
* * * LOW HITPOINT WARNING * * *
You barely miss the gnoll.
The gnoll is severely wounded.
The gnoll closely misses you. The gnoll hits you with a +0 whip.
* * * LOW HITPOINT WARNING * * *
You barely miss the gnoll.
The gnoll is severely wounded.
You block the gnoll's attack.
You slash the gnoll!
You kill the gnoll!
You hit the gnoll.
The gnoll is lightly wounded.
The gnoll hits you with a +0 club.
* * * LOW HITPOINT WARNING * * *
You hit the gnoll.
The gnoll is heavily wounded.
The gnoll barely misses you. The gnoll hits you but does no damage.
You hit the gnoll but do no damage.
The gnoll is heavily wounded.
The gnoll hits you with a +0 club.
* * * LOW HITPOINT WARNING * * *
You closely miss the gnoll.
The gnoll is heavily wounded.
The gnoll hits you with a +0 club.
* * * LOW HITPOINT WARNING * * *
You hit the gnoll.
The gnoll is severely wounded.
The gnoll hits you but does no damage. The gnoll hits you with a +0 club.
You die...

#..## #..#####.#
#........# ##)#######
##...## ##.....## ##
#.......## ##.##
#.........####...#.###
.'.........'.@g).....).
###.........####...#.###
##.......## ##.#...#
##.....## ## ..# .
##...## ... . ##'# .. .
#. . . # .


You could see a gnoll.

Vanquished Creatures
  A kobold brigand (D:4)
  A scorpion (D:3)
  A howler monkey (D:3)
  A hound (D:4)
  An orc wizard (D:4)
  3 gnolls (D:4)
  2 adders
  2 dart slugs
  5 orcs
  2 bats (D:1)
  2 endoplasms (D:4)
  5 giant cockroaches
  7 goblins
  4 hobgoblins
  3 kobolds
  2 quokkas
  7 ball pythons
  3 frilled lizards
  2 rats
54 creatures vanquished.

Notes
Turn   | Place    | Note
-------+----------+-------------------------------------------
     0 | D:1      | YayAnonymity the Formicid Fighter began the quest for the
                  | Orb.
     0 | D:1      | Reached XP level 1. HP: 18/18 MP: 1/1
   188 | D:1      | Reached XP level 2. HP: 24/24 MP: 2/2
   542 | D:1      | Reached XP level 3. HP: 29/29 MP: 3/3
   543 | D:1      | Reached skill level 4 in Shields
   833 | D:2      | Found Arututea's General Store.
   889 | D:2      | Found a faded altar of an unknown god.
  1366 | D:3      | Reached XP level 4. HP: 26/35 MP: 4/4
  1370 | D:3      | Noticed a scorpion
  1380 | D:3      | Killed a scorpion
  1381 | D:3      | Reached XP level 5. HP: 27/41 MP: 5/5
  1720 | D:3      | Found an opulent altar of Gozag.
  1723 | D:3      | Found a hazy altar of Hepliaklqana.
  1726 | D:3      | Found a sacrificial altar of Ru.
  2061 | D:4      | Reached XP level 6. HP: 18/47 MP: 6/6
  2403 | D:4      | Reached skill level 5 in Shields
  2702 | D:4      | HP: 2/47 [gnoll/+0 club (4)]
  2703 | D:4      | Slain by a gnoll

Illustrated notes

Levels and vault maps discovered:
D:1:      eino_arrival_water_cross, layout_loops_ring
D:2:      layout_rooms, ebering_ecumenical_altar_petrified, serial_shops,
          nicolae_shop_statue_plus
D:3:      layout_rooms, grunt_temple_overflow_diamond
D:4:      layout_loops_corners, serial_shops, shop,
          chequers_serial_rivers_small_3, kennysheep_doodads, minmay_between,
          uniq_eustachio

Skill      XL: |  1  2  3  4  5  6 |
---------------+-------------------+-----
Shields        | 4 5 |  5.2
Axes           | 3 4 |  4.9
Armour         | 4 |  4.8
Fighting       | |  3.2

Action                   |  1- 3 |  4- 6 || total
-------------------------+-------+-------++-------
Melee: War axe           |    67 |   106 ||   173
 Abil: Dig               |       |     1 ||     1
  Use: Potion            |       |     2 ||     2
       Scroll            |       |     4 ||     4
Armor: Chain mail        |    38 |    43 ||    81
Dodge: Dodged            |    22 |    33 ||    55
Block: Buckler           |    12 |    34 ||    46

Table legend: (Time is in decaauts)
 A = Elapsed time spent in this place.
 B = Non-inter-level travel time spent in this place.
 C = Inter-level travel time spent in this place.
 D = Time resting spent in this place.
 E = Time spent auto-exploring this place.
 F = Levels seen in this place.
 G = Mean time per level.
                   A        B        C        D        E       F      G
               +--------+--------+--------+--------+--------+-----+--------+
         Total |   2764 |   2704 |     60 |    232 |   1866 |   4 |  691.0 |
       Dungeon |   2764 |   2704 |     60 |    232 |   1866 |   4 |  691.0 |
               +--------+--------+--------+--------+--------+-----+--------+

Top non-repeatable levels by time:
     D:1: 851 daAuts
     D:4: 829 daAuts
     D:3: 600 daAuts
     D:2: 483 daAuts
